 Dungeon Crawl Stone Soup version 0.30-a0-908-g5a111fc (webtiles) character file.

Game seed: 12494087581350236017

39 Illumine the Poker (level 3, 0/28 HPs)
             Began as a Merfolk Gladiator on Mar 18, 2023.
             Slain by a gnoll
             ... wielding a +0 spear
              (4 damage)
             ... on level 2 of the Dungeon.
             The game lasted 00:01:16 (817 turns).

Illumine the Poker (Merfolk Gladiator)               Turns: 817, Time: 00:01:16

Health: 0/28       AC:  4    Str: 16    XL:     3   Next: 45%
Magic:  3/3        EV: 13    Int:  7    God:
Gold:   57         SH:  0    Dex: 15    Spells: 2/2 levels left

rFire   . . .      SeeInvis .    a - +0 trident
rCold   . . .      Faith    .    (no shield)
rNeg    . . .      Spirit   .    b - +0 leather armour
rPois   .          Reflect  .    c - +0 helmet
rElec   .          Rampage  .    (no cloak)
rCorr   .                        (no gloves)
Will    .....                    (no boots)
Stlth   +                        (no amulet)
HPRegen 0.24/turn                j - +4 ring of slaying
MPRegen 0.08/turn                (no ring)

@: no status effects
A: (nimble swimmer 2), mertail
a: no special abilities


You were on level 2 of the Dungeon.
You visited 1 branch of the dungeon, and saw 2 of its levels.

You collected 57 gold pieces.

Inventory:

Hand Weapons
 a - a +0 trident (weapon)
Missiles
 d - 3 throwing nets (quivered)
 e - a javelin
Armour
 b - a +0 leather armour (worn)
 c - a +0 helmet (worn)
Jewellery
 j - a +4 ring of slaying (left hand)
Wands
 l - a wand of roots (4)
Scrolls
 f - a scroll of brand weapon {unknown}
 g - a scroll of fear {unknown}
 h - a scroll of fog {unknown}
 i - a scroll of amnesia {unknown}
 m - a scroll of vulnerability {unknown}
Potions
 k - a potion of flight {unknown}


   Skills:
 + Level 2.7 Fighting
 + Level 4.5 Polearms
 + Level 2.5 Throwing
 + Level 0.9 Armour
 - Level 4.0 Dodging


You had 2 spell levels left.
You didn't know any spells.
Your spell library contained the following spells:

 Spells                   Type           Power      Damage    Failure   Level
 Apportation              Tloc           0%         N/A       50%         1
 Necrotise                Necr           0%         1d4       50%         1
 Summon Small Mammal      Summ           0%         N/A       50%         1


Dungeon Overview and Level Annotations

Branches:
Dungeon (2/15)

Altars:


Innate Abilities, Weirdness & Mutations

((You are very nimble when in or above water. (Stealth+, EV+, Speed+++)))
Your lower body shifts to a powerful aquatic tail in water.


Message History

The frilled lizard misses you.
You closely miss the frilled lizard. The frilled lizard bites you.
You puncture the frilled lizard!
You kill the frilled lizard!
No target in view!
HP restored.
You now have 57 gold pieces (gained 2).
Things that are here:
a +0 club; a goblin corpse You see here a frilled lizard corpse.
A gnoll comes into view. It is wielding a +0 club.
A gnoll is nearby!
A gnoll comes into view. It is wielding a +0 spear.
There are monsters nearby!
The gnoll shouts! x2; You hear a shout! x2
You reach to attack!
You completely miss the gnoll. You hit the gnoll.
The gnoll is heavily wounded.
The gnoll hits you but does no damage.
You barely miss the gnoll.
The gnoll is heavily wounded.
The gnoll closely misses you.
A gnoll comes into view. It is wielding a +0 whip.
The gnoll misses you.
You hit the gnoll.
The gnoll is severely wounded.
The gnoll hits you from afar with a +0 spear!
The gnoll hits you with a +0 club.
You hit the gnoll.
The gnoll is almost dead.
The gnoll completely misses you. The gnoll barely misses you.
You hit the gnoll.
You kill the gnoll!
The gnoll hits you from afar with a +0 spear.
You closely miss the gnoll.
The gnoll hits you from afar with a +0 spear!
* * * LOW HITPOINT WARNING * * *
The gnoll closely misses you.
The gnoll hits you from afar with a +0 spear.
You die...

#.......####.###
###.########.... ### ##
#.#####....... ... ..
#.......####.. #..#.
#########..####.. .
#..#.##.... ..#........
... .......# #.##.####..
.##..#g##..####.##.##.<..
.......g@....##.##......#
.....####..#.##.#####.###
### #..#.##.# ##.##
#.......# #...# ##.#.####
#...## #.......# #.....
#.##.##.####)..## #.
#.##.†........ #
#.............


You could see 2 gnolls.

Vanquished Creatures
  A gnoll (D:2)
  2 dart slugs (D:1)
  3 endoplasms (D:1)
  A giant cockroach (D:1)
  3 goblins
  3 hobgoblins
  2 kobolds (D:1)
  3 quokkas (D:1)
  3 ball pythons
  A frilled lizard (D:2)
  A rat (D:1)
23 creatures vanquished.

Notes
Turn   | Place    | Note
-------+----------+-------------------------------------------
     0 | D:1      | Illumine the Merfolk Gladiator began the quest for the Orb.
     0 | D:1      | Reached XP level 1. HP: 16/16 MP: 1/1
   223 | D:1      | Reached XP level 2. HP: 23/23 MP: 2/2
   288 | D:1      | Found a faded altar of an unknown god.
   460 | D:1      | Reached XP level 3. HP: 28/28 MP: 3/3
   817 | D:2      | Slain by a gnoll

Illustrated notes

Levels and vault maps discovered:
D:1:      dpeg_arrival_central, layout_basic, hellmonk_ecumenical_altar_blasted
D:2:      layout_loops_cross, uniq_jessica

Action                     || total
---------------------------++-------
  Melee: Trident           ||    59
 Armour: Leather armour    ||     7
  Dodge: Dodged            ||    23

Table legend: (Time is in decaauts)
 A = Elapsed time spent in this place.
 B = Non-inter-level travel time spent in this place.
 C = Inter-level travel time spent in this place.
 D = Time resting spent in this place.
 E = Time spent auto-exploring this place.
 F = Levels seen in this place.
 G = Mean time per level.
                   A        B        C        D        E       F      G
               +--------+--------+--------+--------+--------+-----+--------+
         Total |    821 |    781 |     40 |      0 |    609 |   2 |  410.5 |
       Dungeon |    821 |    781 |     40 |      0 |    609 |   2 |  410.5 |
               +--------+--------+--------+--------+--------+-----+--------+

Top non-repeatable levels by time:
     D:1: 650 daAuts
     D:2: 170 daAuts
